 Dungeon Crawl Stone Soup version 0.20.0-15-g7f486f2 (webtiles) character file.

47368 vishdafish the Cleaver (level 14, -3/110 HPs)
             Began as a Formicid Fighter on June 30, 2017.
             Was the Champion of Okawaru.
             Slain by an entropy weaver (5 damage)
             ... on level 4 of the Lair of Beasts.
             The game lasted 00:45:57 (20103 turns).

vishdafish the Cleaver (Formicid Fighter)          Turns: 20103, Time: 00:45:57

Health: -3/110     AC:  4    Str: 23    XL:     14   Next: 81%
Magic:  21/23      EV:  9    Int: 10    God:    Okawaru [******]
Gold:   331        SH: 19    Dex: 11    Spells: 10/13 levels left

rFire    + + .     SeeInvis +   k - +1 battleaxe
rCold    + + .     Gourm    .   c - +0 large shield
rNeg     . . .     Faith    .   G - +0 plate armour
rPois    +         Spirit   .   (helmet unavailable)
rElec    +         Reflect  .   T - scarf {rC+ rF+}
rCorr    .         Harm     .   s - +2 pair of gloves
MR       +....                  K - +1 pair of boots {Stlth+}
Stlth    ..........             a - amulet of regeneration
Regen    0.7/turn               W - ring "Jailiraf" {rElec rF+ rC+}
MPRegen  0.2/turn               t - ring of poison resistance

@: lethally poisoned (-3 -> -4), finesse, corroded
A: permanent stasis, dig shafts and tunnels, four strong arms, antennae 3
a: Dig, Shaft Self, Heroism, Finesse, Renounce Religion


You were on level 4 of the Lair of Beasts.
You worshipped Okawaru.
Okawaru was exalted by your worship.
You were not hungry.

You visited 2 branches of the dungeon, and saw 17 of its levels.
You also visited: Ossuary.

You collected 721 gold pieces.
You spent 390 gold pieces at shops.

Inventory:

Hand Weapons
 k - a +1 battleaxe (weapon)
 A - the +1 quarterstaff "Suwecib" {venom, Int+2 Dex+6}
   (Okawaru gifted it to you on level 5 of the Lair of Beasts)

   It poisons the flesh of those it strikes.
   It affects your intelligence (+2).
   It affects your dexterity (+6).
Missiles
 g - 138 bolts
Armour
 c - a +0 large shield (worn)
 s - a +2 pair of gloves (worn)
 G - a +0 plate armour (worn)
 K - a +1 pair of boots of stealth (worn)
 T - a scarf of resistance (worn)
Jewellery
 a - an amulet of regeneration (around neck)
 t - a ring of poison resistance (right hand)
 y - an uncursed ring of positive energy
 W - the ring "Jailiraf" (left hand) {rElec rF+ rC+}
   (You found it on level 10 of the Dungeon)

   [ring of protection from cold]

   It protects you from fire.
   It protects you from cold.
   It insulates you from electricity.
Wands
 I - a wand of digging (4/24)
 N - a wand of polymorph (9/24)
 R - a wand of iceblast (3/15)
 S - a wand of lightning (10/15)
 V - a wand of enslavement (3/24)
Scrolls
 b - a scroll of acquirement {unknown}
 n - 6 scrolls of remove curse
 p - 5 scrolls of amnesia
 u - 3 scrolls of immolation
 v - 6 scrolls of teleportation
 w - 5 scrolls of recharging
 x - 2 scrolls of magic mapping
 B - 3 scrolls of blinking
 D - 3 scrolls of enchant weapon
 F - a scroll of holy word
 H - a scroll of enchant armour
 L - 3 scrolls of fog
 X - 2 scrolls of summoning
Potions
 d - a potion of might
 i - 10 potions of curing {unknown}
 j - 2 potions of brilliance {unknown}
 m - a potion of degeneration {unknown}
 o - 2 potions of resistance {unknown}
 q - 5 potions of flight
 r - 2 potions of cancellation {unknown}
 z - 4 potions of agility
 C - a potion of berserk rage {unknown}
 P - 4 potions of mutation {unknown}
 U - a potion of magic {unknown}
Books
 l - the Handbook of Dhcmrlchtdj
   (You found it on level 12 of the Dungeon)

   Spells                             Type                      Level
   a - Summon Forest                  Summoning/Translocation      5
   b - Spellforged Servitor           Conjuration/Summoning        7
 E - a book of Misfortune

   Spells                             Type                      Level
   a - Confusing Touch                Hexes                        1
   b - Confuse                        Hexes                        3
   c - Gell's Gravitas                Translocation                3
   d - Petrify                        Transmutation/Earth          4
   e - Metabolic Englaciation         Hexes/Ice                    5
   f - Yara's Violent Unravelling     Hexes/Transmutation          5
 M - a book of Maledictions

   Spells                             Type                      Level
   a - Corona                         Hexes                        1
   b - Ensorcelled Hibernation        Hexes/Ice                    2
   c - Confuse                        Hexes                        3
   d - Tukima's Dance                 Hexes                        3
   e - Dazzling Spray                 Conjuration/Hexes            3
 O - a book of Geomancy

   Spells                             Type                      Level
   a - Sandblast                      Earth                        1
   b - Passwall                       Transmutation/Earth          2
   c - Stone Arrow                    Conjuration/Earth            3
   d - Petrify                        Transmutation/Earth          4
   e - Lee's Rapid Deconstruction     Earth                        5
 Z - Sif Muna's Volume of Sand
   (You found it on level 12 of the Dungeon)

   Spells                             Type                      Level
   a - Poisonous Vapours              Poison/Air                   2
   b - Sticky Flame                   Conjuration/Fire             4
Miscellaneous
 Y - a phantom mirror
Comestibles
 f - 16 bread rations
 J - 27 fruits
 Q - 5 meat rations


   Skills:
 + Level 10.1 Fighting
 * Level 13.1 Axes
 + Level 10.9 Armour
 + Level 6.0 Dodging
 * Level 12.9 Shields
 * Level 13.0 Invocations
 - Level 0.2 Evocations


You had 10 spell levels left.
You knew the following spells:

 Your Spells              Type           Power        Failure   Level  Hunger
a - Tukima's Dance        Hex            #.......     100%        3    ####...


Dungeon Overview and Level Annotations

Branches:
Dungeon (12/15)            Temple (0/1) D:7            Lair (5/6) D:9
  Swamp (0/4) Lair:4       Spider (0/4) Lair:4          Orc (0/2) D:11
  Slime: Lair:5-6

Altars:
Cheibriados
Dithmenos
Elyvilon
Fedhas
Gozag
Kikubaaqudgha
Makhleb
Okawaru
Uskayaw
Vehumet
Xom

Shops:
D:4 *   D:6 =   D:8 [

Annotations:
Lair:2 exclusion: oklob plant


Innate Abilities, Weirdness & Mutations

You cannot be hasted, slowed, berserked, paralysed or teleported.
You can dig through walls and to a lower floor.
Your four strong arms can wield two-handed weapons with a shield.
You have a pair of large antennae on your head. (SInv)


Message History

You block the entropy weaver's attack. The entropy weaver hits you!
* * * LOW HITPOINT WARNING * * *
The entropy weaver hits you.
* * * LOW HITPOINT WARNING * * *
The entropy weaver hits you but does no damage.
You hit the entropy weaver.
The entropy weaver is almost dead.
The entropy weaver hits you!
* * * LOW HITPOINT WARNING * * *
The entropy weaver barely misses you. x2
You block the entropy weaver's attack.
Okay, then.
You hit the entropy weaver but do no damage.
The entropy weaver is almost dead.
You closely miss the entropy weaver.
The entropy weaver is almost dead.
You block the entropy weaver's attack. The entropy weaver hits you.
* * * LOW HITPOINT WARNING * * *
You block the entropy weaver's attack. The entropy weaver hits you.
You die...

.................##
....)............#
####.#####.#.....#
# ### ####....#
##....# ##.....##
###########.......#
.#....#.##P.(...a##
................@##
.................†#
♣≈................#
≈♣.............[.##
§≈♣#.######......P#
§≈.### #.......#
≈♣## ###.....# .#
#.....# .# #....##


You could see an entropy weaver.

Vanquished Creatures
  Gastronok (Lair:1)
  An entropy weaver (Lair:4)
  Nessos (Lair:5)
  Snorg (D:12)
  Fannar (Lair:3)
  Harold (Lair:4)
  The ghost of NormalPerson7 the Zephyrmancer, a journeyman TeAE of Vehumet (D:11)
  A hydra (Lair:4)
  A death knight (D:11)
  2 two-headed ogres
  6 death yaks (Lair:5)
  A queen ant (Lair:4)
  Nergalle (Lair:2)
  An unseen horror (D:12)
  A wizard (D:12)
  An orc knight (D:11)
  Pikel (D:6)
  An orb spider (Lair:4)
  A lindwurm (Lair:3)
  4 ugly things
  3 deep elf magi
  4 cyclopes
  11 elephants
  4 black mambas
  A gargoyle (D:11)
  7 spiny frogs
  2 centaur skeletons
  3 komodo dragons
  2 kobold demonologists
  A rime drake (Lair:4)
  3 trolls
  8 blink frogs (Lair:4)
  A hornet (D:12)
  7 hippogriffs
  A spriggan (D:7)
  A shadow (D:12)
  Eustachio (D:5)
  3 wyverns
  4 basilisks
  16 yaks
  A hungry ghost (D:12)
  A steam dragon (Lair:4)
  Menkaure (D:4)
  17 soldier ants
  8 water moccasins
  2 porcupines
  8 orc warriors
  5 sky beasts
  An eye of draining (D:11)
  A slave (D:6)
  5 ice beasts
  2 phantoms
  8 ogres
  3 centaurs
  4 crocodiles
  A big kobold (D:12)
  14 bullfrogs
  A gnoll sergeant (D:6)
  A wyvern zombie (D:12)
  2 scorpions
  5 killer bees (D:9)
  4 wights (D:6)
  A howler monkey (D:8)
  3 bullfrog zombies
  7 crimson imps
  A centaur zombie (D:8)
  2 quasits
  An iron imp (D:8)
  8 hounds
  5 jellies
  4 bullfrog skeletons
  10 orc priests
  6 iguanas
  12 orc wizards
  18 worker ants
  2 hound zombies
  13 mummies (Ossuary)
  A howler monkey zombie (D:5)
  A worker ant zombie (D:11)
  4 gnolls (D:6)
  13 adders
  2 shadow imps
  3 oozes
  2 worms
  8 leopard geckos
  59 orcs
  2 ball pythons
  9 bats
  5 giant cockroaches
  6 goblins
  8 hobgoblins
  12 jackals
  9 kobolds
  6 quokkas
  A ball python skeleton (D:4)
  7 frilled lizards
  A gnoll skeleton (Ossuary)
  3 goblin skeletons (Ossuary)
  A kobold skeleton (Ossuary)
  2 orc skeletons (Ossuary)
  2 rats
  11 rat skeletons (Ossuary)
  3 fungi
  A plant (Lair:4)
482 creatures vanquished.

Vanquished Creatures (others)
  A slave (D:9)
  A crimson imp (D:9)
  An adder skeleton (D:9)
  2 leopard geckos (D:6)
  An orc skeleton (Ossuary)
6 creatures vanquished.

Grand Total: 488 creatures vanquished

Notes
Turn   | Place    | Note
-------+----------+-------------------------------------------
     0 | D:1      | vishdafish the Formicid Fighter began the quest for the Orb.
     0 | D:1      | Reached XP level 1. HP: 18/18 MP: 1/1
    69 | D:1      | Reached XP level 2. HP: 24/24 MP: 2/2
   305 | D:1      | Reached XP level 3. HP: 26/29 MP: 3/3
   923 | D:2      | Reached XP level 4. HP: 30/37 MP: 4/4
  1213 | D:2      | Found a shimmering altar of Xom.
  1603 | D:3      | Reached skill level 5 in Shields
  1603 | D:3      | Reached XP level 5. HP: 36/42 MP: 5/5
  1608 | D:3      | Reached skill level 1 in Dodging
  2014 | D:3      | Found an iron altar of Okawaru.
  2041 | D:3      | Became a worshipper of Warmaster Okawaru
  2315 | D:4      | Noticed Menkaure
  2317 | D:4      | Killed Menkaure
  2317 | D:4      | Reached XP level 6. HP: 48/48 MP: 6/6
  2322 | D:4      | Noticed an ogre
  2330 | D:4      | Killed an ogre
  2330 | D:4      | Reached * piety under Okawaru
  2330 | D:4      | Reached XP level 7. HP: 18/55 MP: 7/7
  2698 | D:4      | Found a sand-covered staircase.
  2771 | Ossuary  | Entered an ossuary
  3329 | Ossuary  | Reached skill level 5 in Axes
  3902 | D:4      | Reached XP level 8. HP: 54/61 MP: 8/8
  4158 | D:4      | Found Focu's General Store.
  4176 | D:5      | Entered Level 5 of the Dungeon
  4176 | D:5      | Noticed Eustachio
  4196 | D:5      | Killed Eustachio
  4196 | D:5      | Reached ** piety under Okawaru
  4196 | D:5      | Reached skill level 5 in Armour
  4366 | D:5      | Reached skill level 5 in Fighting
  4551 | D:5      | Found a blossoming altar of Fedhas.
  4885 | D:5      | Reached *** piety under Okawaru
  4917 | D:5      | Reached XP level 9. HP: 48/68 MP: 9/9
  5271 | D:5      | Reached skill level 1 in Invocations
  5642 | D:6      | Found a hide-covered altar of Uskayaw.
  5679 | D:6      | Found a transporter.
  6175 | D:6      | Noticed Pikel
  6203 | D:6      | Reached **** piety under Okawaru
  6219 | D:6      | Killed Pikel
  6506 | D:6      | Found a white marble altar of Elyvilon.
  6522 | D:6      | Found Wofi's Jewellery Shoppe.
  6555 | D:6      | Reached XP level 10. HP: 76/76 MP: 12/12
  7205 | D:6      | Noticed a kobold demonologist
  7210 | D:6      | Killed a kobold demonologist
  7309 | D:6      | Found a transporter.
  7485 | D:7      | Reached skill level 5 in Invocations
  7492 | D:7      | Got a distressingly furry leather armour
  7503 | D:7      | Identified the +3 leather armour of Baldness {MR+ Str+3} (You found it on level 7 of the Dungeon)
  7667 | D:7      | Found a staircase to the Ecumenical Temple.
  7853 | D:7      | Found an ancient bone altar of Kikubaaqudgha.
  8174 | D:7      | Found a snail-covered altar of Cheibriados.
  8181 | D:7      | Found a radiant altar of Vehumet.
  8661 | D:8      | Noticed a two-headed ogre
  8677 | D:8      | Killed a two-headed ogre
  8677 | D:8      | Reached ***** piety under Okawaru
  8677 | D:8      | Received a gift from Okawaru
  8677 | D:8      | Reached XP level 11. HP: 41/84 MP: 12/15
  9159 | D:8      | Found an iron altar of Okawaru.
  9378 | D:8      | Reached skill level 10 in Shields
  9543 | D:8      | Found a burning altar of Makhleb.
  9592 | D:8      | Found Funac's Antique Armour Shoppe.
 10192 | D:9      | Found a staircase to the Lair.
 10472 | D:9      | Found a shadowy altar of Dithmenos.
 10473 | D:9      | Found an opulent altar of Gozag.
 10521 | D:10     | Entered Level 10 of the Dungeon
 10804 | D:10     | Got a steaming brass ring
 10806 | D:10     | Identified the ring "Jailiraf" {rElec rF+ rC+} (You found it on level 10 of the Dungeon)
 10938 | D:10     | Found Ziunug's Distillery.
 11169 | D:11     | Found a staircase to the Orcish Mines.
 11523 | D:11     | Noticed a cyclops
 11537 | D:11     | Killed a cyclops
 11706 | D:11     | Noticed a green ugly thing
 11707 | D:11     | Noticed NormalPerson7's ghost (journeyman TeAE)
 11737 | D:11     | Killed a green ugly thing
 11737 | D:11     | Reached skill level 10 in Axes
 11752 | D:11     | Killed NormalPerson7's ghost
 11808 | D:11     | Noticed a white ugly thing
 11832 | D:11     | Killed a white ugly thing
 12080 | D:11     | Reached XP level 12. HP: 88/92 MP: 18/18
 12191 | D:11     | Got a twisted falchion
 12192 | D:11     | Identified the +2 falchion of Context {speed, MR- Str+2 Dex+6} (You found it on level 11 of the Dungeon)
 12639 | D:11     | Noticed a death knight
 12666 | D:11     | Killed a death knight
 13317 | D:11     | Received a gift from Okawaru
 13718 | D:12     | Received a gift from Okawaru
 13798 | D:12     | Noticed a two-headed ogre
 14167 | D:12     | Noticed an unseen horror
 14182 | D:12     | Killed an unseen horror
 14182 | D:12     | Reached ****** piety under Okawaru
 14228 | D:12     | Reached skill level 10 in Invocations
 14665 | D:12     | Killed a two-headed ogre
 14703 | D:12     | Identified Disiyhot's Tome of Combed Thunderclap
 14724 | D:12     | Identified Sif Muna's Volume of Sand
 14731 | D:12     | Identified the Handbook of Dhcmrlchtdj
 14742 | D:12     | Learned a level 3 spell: Tukima's Dance
 14834 | D:12     | Noticed a wizard
 14845 | D:12     | Killed a wizard
 14930 | D:11     | Reached XP level 13. HP: 90/100 MP: 20/20
 15008 | D:12     | Noticed Snorg
 15022 | D:12     | Killed Snorg
 15548 | Lair:1   | Entered Level 1 of the Lair of Beasts
 15713 | D:6      | Bought an uncursed amulet of regeneration for 390 gold pieces
 16058 | Lair:1   | Noticed Gastronok
 16076 | Lair:1   | Killed Gastronok
 16672 | Lair:2   | Noticed Nergalle
 16689 | Lair:2   | Killed Nergalle
 17222 | Lair:3   | Noticed Fannar
 17228 | Lair:3   | Reached skill level 10 in Armour
 17242 | Lair:3   | Killed Fannar
 17908 | Lair:4   | Noticed Harold
 17924 | Lair:4   | Killed Harold
 17924 | Lair:4   | Reached skill level 5 in Dodging
 18165 | Lair:4   | Found a staircase to the Swamp.
 18263 | Lair:4   | Found a hole to the Spider Nest.
 18286 | Lair:4   | Reached XP level 14. HP: 108/108 MP: 23/23
 18759 | Lair:4   | Received a gift from Okawaru
 19013 | Lair:5   | Reached skill level 10 in Fighting
 19095 | Lair:5   | Noticed Nessos
 19282 | Lair:5   | Killed Nessos
 19282 | Lair:5   | Received a gift from Okawaru
 19288 | Lair:5   | Got a smoking quarterstaff {god gift}
 19289 | Lair:5   | Identified the +1 quarterstaff "Suwecib" {venom, Int+2 Dex+6} (Okawaru gifted it to you on level 5 of the Lair of Beasts)
 19418 | Lair:5   | Noticed an entropy weaver
 19583 | Lair:4   | Killed an entropy weaver
 20036 | Lair:5   | Noticed an entropy weaver
 20080 | Lair:4   | HP: 1/110 [entropy weaver (11)]
 20101 | Lair:4   | HP: 5/110 [entropy weaver (13)]
 20103 | Lair:4   | HP: 2/110 [entropy weaver (4)]
 20103 | Lair:4   | Slain by an entropy weaver

Skill      XL: |  1  2  3  4  5  6  7  8  9 10 11 12 13 14 |
---------------+-------------------------------------------+-----
Shields        | 4 5 6 8 9 11 12 | 12.9
Dodging        | 1 2 3 5 6 |  6.0
Axes           | 4 5 6 8 9 10 11 12 13 | 13.1
Fighting       | 4 5 6 7 8 9 10 | 10.1
Armour         | 4 5 6 7 8 9 10 | 10.9
Invocations    | 3 6 8 10 12 13 | 13.0
Evocations     | |  0.2

Action                   |  1- 3 |  4- 6 |  7- 9 | 10-12 | 13-15 || total
-------------------------+-------+-------+-------+-------+-------++-------
Melee: War axe           |   112 |    93 |   518 |   650 |       ||  1373
       Battleaxe         |       |       |       |   231 |   645 ||   876
       Dire flail        |       |       |       |       |    13 ||    13
Throw: Tomahawk          |       |       |       |     1 |       ||     1
Invok: Heroism           |       |       |     2 |     9 |     6 ||    17
       Finesse           |       |       |       |     2 |     5 ||     7
 Abil: Dig               |       |       |     1 |     2 |       ||     3
Evoke: Wand              |       |       |       |     8 |     2 ||    10
  Use: Scroll            |       |       |    10 |     5 |     6 ||    21
       Potion            |       |       |       |     1 |     8 ||     9
 Stab: Distracted        |       |       |       |     1 |       ||     1
  Eat: Chunk             |       |     3 |     5 |     9 |     7 ||    24
       Meat ration       |       |       |     3 |     1 |     2 ||     6
       Bread ration      |       |       |       |     3 |       ||     3
       Royal jelly       |       |       |       |     1 |     1 ||     2
       Fruit             |       |       |       |     1 |       ||     1
Armor: Scale mail        |    48 |    47 |   115 |       |       ||   210
       Plate armour      |       |       |    87 |   338 |   380 ||   805
Dodge: Dodged            |    43 |    27 |   161 |   207 |   209 ||   647
Block: Shield            |    70 |    47 |   242 |   459 |    56 ||   874
       Large shield      |       |       |       |       |   667 ||   667
